 Dungeon Crawl Stone Soup version 0.20-a0-854-g0cc194a (webtiles) character file.

123 winWinterter the Chopper (level 4, -4/33 HPs)
             Began as a Demonspawn Gladiator on Mar 11, 2017.
             Slain by a white imp (5 damage)
             ... summoned by Natasha
             ... on level 2 of the Dungeon.
             The game lasted 00:03:29 (1847 turns).

winWinterter the Chopper (Demonspawn Gladiator)     Turns: 1847, Time: 00:03:30

Health: -4/33      AC:  0    Str: 14    XL:     4   Next: 79%
Magic:  4/4        EV: 21    Int:  9    God:
Gold:   85         SH:  0    Dex: 21    Spells: 3/3 levels left

rFire    . . .     SeeInvis .   (weapon currently unavailable)
rCold    . . .     Gourm    .   (armour currently unavailable)
rNeg     . . .     Faith    .   (shield currently unavailable)
rPois    .         Spirit   .   (helmet currently unavailable)
rElec    .         Reflect  .   (cloak currently unavailable)
rCorr    .         Harm     .   (gloves currently unavailable)
MR       .....                  (boots currently unavailable)
Stlth    ++........             (no amulet)
Regen    0.2/turn               (ring currently unavailable)
MPRegen  0.1/turn               (ring currently unavailable)

@: bat-form, flying, slowed, quick
A: (claws 0), (hooves 0)
a: no special abilities


You were on level 2 of the Dungeon.
You were not hungry.
You were in bat-form.
You visited 1 branch of the dungeon, and saw 2 of its levels.

You collected 85 gold pieces.

Inventory:

Hand Weapons
 a - a +0 war axe (melded)
Missiles
 d - 3 throwing nets (quivered)
Armour
 b - a +0 leather armour
 c - a +0 helmet
 h - a +0 ring mail (melded)
 o - a +1 hat (melded)
Jewellery
 p - an uncursed ring of fire {unknown}
Scrolls
 e - a scroll of recharging {unknown}
 j - a scroll of teleportation {unknown}
 m - 2 scrolls of amnesia {unknown}
 n - 2 scrolls of fear {unknown}
 r - a scroll of identify {unknown}
Potions
 g - a potion of agility {unknown}
 i - 2 potions of mutation {unknown}
 q - 2 potions of might {unknown}
Comestibles
 f - a bread ration
 k - a meat ration
 l - a royal jelly


   Skills:
 * Level 2.2 Fighting
 * Level 4.4 Axes
 + Level 1.8 Throwing
 + Level 0.8 Armour
 + Level 3.1 Dodging
 + Level 0.3 Unarmed Combat


You had 3 spell levels left.
You didn't know any spells.

Dungeon Overview and Level Annotations

Branches:
Dungeon (2/15)

Altars:

Annotations:
D:2 Natasha


Innate Abilities, Weirdness & Mutations

((You have sharp fingernails.))
((You have large cloven feet.))


Message History

Natasha zaps a wand.
You turn into a bat.
Your +0 war axe melds into your body.
Your +1 hat melds into your body.
Your +0 ring mail melds into your body.
The shadow imp misses you.
Unknown command.
Press: ? - help, v - describe, . - travel
Here: Natasha, carrying a wand of polymorph (?/24) {zapped: 12} (severely wounded)
The floor.
Unknown command.
Press: ? - help, v - describe, . - travel
Here: Natasha, carrying a wand of polymorph (?/24) {zapped: 12} (severely wounded)
The floor.
Unknown command.
Unknown command.
You hit Natasha but do no damage.
Natasha is severely wounded.
The shadow imp disappears in a puff of smoke!
The white imp hits you.
* * * LOW HITPOINT WARNING * * *
The white imp freezes you.
You die...

...# ###........)...######
##.# #.#.########## ##.#
#....########## ##.#
#.............# ##)#
##...########.# #.#
##.....# #.#
##.############....### #.#
............<..55....###.#
##)##########..hb........#
#.# #..ยง....)##### #.##
####......###
##..######.........#
...)).............##
.#.##.####........#
###.#.(..........##
##.####.......# ..##
#.......#


You could see Natasha, a white imp and a shadow imp.

Vanquished Creatures
  Natasha (twice) (D:2)
  2 adders (D:2)
  2 oozes
  2 worms (D:2)
  4 giant cockroaches
  4 goblins (D:1)
  7 hobgoblins
  A quokka (D:2)
  A ball python (D:2)
  3 bats (D:1)
  A frilled lizard (D:2)
  5 kobolds
  7 rats
41 creatures vanquished.

Notes
Turn   | Place    | Note
-------+----------+-------------------------------------------
     0 | D:1      | winWinterter the Demonspawn Gladiator began the quest for the Orb.
     0 | D:1      | Reached XP level 1. HP: 16/16 MP: 1/1
    23 | D:1      | Reached skill level 3 in Axes
    37 | D:1      | Gained mutation: You have sharp fingernails. [demonic ancestry]
    37 | D:1      | Reached XP level 2. HP: 19/22 MP: 2/2
   905 | D:2      | Reached XP level 3. HP: 24/27 MP: 3/3
   954 | D:2      | Found a faded altar of an unknown god.
  1063 | D:2      | HP: 1/27 [adder (1)]
  1335 | D:2      | Reached skill level 4 in Axes
  1342 | D:2      | Gained mutation: You have large cloven feet. [demonic ancestry]
  1342 | D:2      | Reached XP level 4. HP: 32/33 MP: 4/4
  1476 | D:2      | Noticed Natasha
  1482 | D:2      | Killed Natasha
  1766 | D:2      | Noticed Natasha
  1789 | D:2      | Killed Natasha
  1823 | D:2      | Noticed Natasha
  1847 | D:2      | HP: 1/33 [white imp[Natasha] (3)]
  1847 | D:2      | Slain by a white imp

Vault maps used:
D:1:      enne_arrival_octagon_isle
D:2:      xom_butterflies, chequers_ecumenical_altar_simple_redux, uniq_robin,
          uniq_terence, uniq_natasha

Skill      XL: |  1  2  3 |
---------------+----------+-----
Axes           | 3 4 |  4.4
Dodging        | 3 |  3.1
Fighting       | |  2.2
Throwing       | |  1.8
Armour         | |  0.8
Unarmed Combat | |  0.3

Action                   |  1- 3 |  4- 6 || total
-------------------------+-------+-------++-------
Melee: War axe           |   102 |    30 ||   132
       Unarmed           |       |    24 ||    24
       Kick              |       |     7 ||     7
  Use: Potion            |     2 |       ||     2
  Eat: Chunk             |     1 |     2 ||     3
Armor: Leather armour    |    11 |       ||    11
       Ring mail         |    35 |     8 ||    43
       Skin              |       |     3 ||     3
Dodge: Dodged            |    84 |    46 ||   130
